 Dungeon Crawl Stone Soup version 0.17.0-15-g6d90897 (console) character file.

889 gw the Cudgeler (level 7, -1/61 HPs)
             Began as a Minotaur Fighter on Nov 11, 2015.
             Was a Believer of Cheibriados.
             Slain by a gnoll
             ... wielding a +0 spear
              (2 damage)
             ... on level 5 of the Dungeon.
             The game lasted 00:03:57 (4002 turns).

gw the Cudgeler (Minotaur Fighter)                  Turns: 4002, Time: 00:03:58

Health: -1/61      AC:  9    Str: 24    XL:     7   Next: 77%
Magic:  1/7        EV: 10    Int:  9    God:    Cheibriados [**....]
Gold:   199        SH: 11    Dex: 16    Spells: 0 memorised, 6 levels left

rFire  . . .     SeeInvis .     a - +0 flail
rCold  . . .     Clarity  .     k - +0 ring mail (curse)
rNeg   . . .     SustAt   .     c - +0 shield
rPois  .         Gourm    .     (helmet restricted)
rElec  .         Spirit   .     (no cloak)
rCorr  .         Warding  .     f - +2 pair of gloves
rMut   .         Stasis   .     (no boots)
MR     .....                    i - amulet of inaccuracy (curse)
Stlth  +.........               (no ring)
                                (no ring)

@: lethally poisoned (-1 -> -5), very slow, not resistant to hostile
enchantments, very unstealthy
A: retaliatory headbutt, horns 2
a: Bend Time, Renounce Religion


You were on level 5 of the Dungeon.
You worshipped Cheibriados.
Cheibriados was pleased with you.
You were hungry.

You visited 1 branch of the dungeon, and saw 5 of its levels.

You collected 199 gold pieces.

Inventory:

Hand Weapons
 a - a +0 flail (weapon)
Missiles
 h - 15 poisoned needles
 j - 36 stones
 m - 13 tomahawks (quivered)
Armour
 b - a +0 scale mail
 c - a +0 shield (worn)
 f - a +2 pair of gloves (worn)
 g - a +0 scale mail
 k - a cursed +0 ring mail (worn)
 l - a +0 chain mail
Jewellery
 i - a cursed amulet of inaccuracy (around neck)
 n - an uncursed amulet of resist corrosion {unknown}
Comestibles
 e - 3 bread rations


   Skills:
 + Level 5.3 Fighting
 * Level 6.0 Maces & Flails
 + Level 2.6 Throwing
 + Level 5.1 Armour
 + Level 2.9 Dodging
 + Level 5.5 Shields
 + Level 2.4 Invocations


You had 6 spell levels left.
You didn't know any spells.

Dungeon Overview and Level Annotations

Branches:
Dungeon (5/15)             Temple (0/1) D:5

Altars:
Cheibriados
Fedhas
Makhleb
Xom


Innate Abilities, Weirdness & Mutations

You reflexively headbutt those who attack you in melee.
You have a pair of horns on your head.


Message History

Unknown command.
Unknown command.
Unknown command.
Unknown command.
ATTACK MOVE TO (-1,-1)
You sock the ogre! Your headbutt misses the ogre.
The ogre is severely wounded.
You feel sick. The ogre barely misses you. You block the gnoll's attack.
The worker ant bites you but does no damage.
The orc hits you but does no damage.
Unknown command.
Unknown command.
Unknown command.
Unknown command.
ATTACK MOVE TO (-1,-1)
You closely miss the ogre.
The ogre is severely wounded.
You feel sick.
The gnoll hits you from afar with a spear.
You die...

.. #.#?# .# #.#.# ##
####.#####.#.# .
#....#.......# ###
####.#...##.#.#.#.####..
.....#..................
.####.ooo.####.###:#.##..
......gOo## #.....#.###.
######.#H# #######.# #.
#.#a# #.# #. #.#5# #.# #.
#.#)# #.# #. ..g.# #.# #.
#.#.# #.# #. ..#.# #. #..
##


You could see an ogre, a worker ant, a quasit, 2 gnolls and 4 orcs.

Table legend:
 A = Turns spent in this place as a percentage of turns spent in the entire game.
 B = Non-inter-level travel turns spent in this place as a percentage of non-inter-level travel turns spent in the entire game.
 C = Inter-level travel turns spent in this place as a percentage of turns spent in this place.
 D = Turns resting spent in this place as a percentage of non-inter-level travel turns spent in this place.
 E = Turns spent auto-exploring this place as a percentage of non-inter-level travel turns spent in this place.
 F = Non-inter-level travel turns spent in this place divided by the number of levels of this place that you've seen.
                   A       B       C       D       E      F
               +-------+-------+-------+-------+-------+----------------------
         Total | 100.0 | 100.0 |   0.4 |   1.1 |   2.6 | 1122.8
       Dungeon | 100.0 | 100.0 |   0.4 |   1.1 |   2.6 | 1122.8
               +-------+-------+-------+-------+-------+----------------------

Table legend:
 A = Kills in this place as a percentage of kills in entire the game.
 B = Kills by you in this place as a percentage of kills by you in the entire game.
 C = Kills by friends in this place as a percentage of kills by friends in the entire game.
 D = Other kills in this place as a percentage of other kills in the entire game.
 E = Experience gained in this place as a percentage of experience gained in the entire game.
 F = Experience gained in this place divided by the number of levels of this place that you have seen.
                   A       B       C       D       E      F
               +-------+-------+-------+-------+-------+----------------------
         Total | 100.0 | 100.0 |  -nan |  -nan | 100.0 | 254.2
       Dungeon | 100.0 | 100.0 |  -nan |  -nan | 100.0 | 254.2
               +-------+-------+-------+-------+-------+----------------------

Vanquished Creatures
  Menkaure (D:4)
  Duvessa (D:4)
  A sky beast (D:5)
  2 ogres
  Dowan (D:4)
  A centaur zombie (D:5)
  A crimson imp (D:5)
  A giant frog zombie (D:5)
  A gnoll shaman (D:5)
  An iguana (D:5)
  A worker ant (D:5)
  A gnoll (D:4)
  7 adders
  A shadow imp (D:5)
  An adder zombie (D:5)
  6 giant geckos
  12 orcs
  A ball python (D:3)
  7 bats
  4 giant cockroaches
  7 hobgoblins
  7 jackals
  5 kobolds
  A quokka (D:4)
  2 giant newts (D:1)
  9 goblins
  7 rats
90 creatures vanquished.

Notes
Turn   | Place    | Note
--------------------------------------------------------------
     0 | D:1      | gw the Minotaur Fighter began the quest for the Orb.
     0 | D:1      | Reached XP level 1. HP: 19/19 MP: 0/0
   210 | D:1      | Reached XP level 2. HP: 27/27 MP: 1/1
   439 | D:1      | Reached skill level 4 in Shields
   890 | D:2      | Found a snail-covered altar of Cheibriados.
   894 | D:2      | Became a worshipper of Cheibriados the Contemplative
   967 | D:2      | Reached XP level 3. HP: 33/33 MP: 2/2
  1163 | D:2      | Found a shimmering altar of Xom.
  1164 | D:2      | Found a burning altar of Makhleb.
  1407 | D:2      | Reached * piety under Cheibriados
  2016 | D:3      | Reached XP level 4. HP: 37/40 MP: 3/3
  2048 | D:3      | Noticed an ogre
  2062 | D:3      | Reached skill level 1 in Throwing
  2067 | D:3      | Killed an ogre
  2067 | D:3      | Reached skill level 1 in Dodging
  2067 | D:3      | Reached skill level 1 in Invocations
  2067 | D:3      | Reached XP level 5. HP: 25/46 MP: 0/4
  2319 | D:3      | Found a blossoming altar of Fedhas.
  2730 | D:4      | Noticed Duvessa
  2733 | D:4      | Noticed Dowan
  2745 | D:4      | Killed Duvessa
  2745 | D:4      | Reached XP level 6. HP: 50/53 MP: 1/5
  2753 | D:4      | Killed Dowan
  3047 | D:4      | Reached ** piety under Cheibriados
  3121 | D:4      | Noticed an ogre
  3135 | D:4      | Killed an ogre
  3135 | D:4      | Reached skill level 5 in Shields
  3324 | D:4      | Noticed Menkaure
  3329 | D:4      | Killed Menkaure
  3329 | D:4      | Reached skill level 5 in Maces & Flails
  3329 | D:4      | Reached skill level 5 in Armour
  3329 | D:4      | Reached XP level 7. HP: 57/60 MP: 3/7
  3770 | D:4      | Found a snail-covered altar of Cheibriados.
  3834 | D:5      | Entered Level 5 of the Dungeon
  3853 | D:5      | Reached skill level 5 in Fighting
  3894 | D:5      | Found a staircase to the Ecumenical Temple.
  3998 | D:5      | Reached skill level 6 in Maces & Flails
  4000 | D:5      | HP: 3/61 [gnoll/spear (6)]
  4002 | D:5      | HP: 1/61 [poisoned by a worker ant]
  4002 | D:5      | Slain by a gnoll

Action                   |  1- 3 |  4- 6 |  7- 9 || total
-------------------------+-------+-------+-------++-------
Melee: Flail             |   164 |   104 |    61 ||   329
Throw: Tomahawk          |    23 |    14 |    12 ||    49
       Stone             |    43 |    10 |       ||    53
Invok: Bend Time         |       |     5 |     3 ||     8
  Use: Potion            |       |     2 |       ||     2
  Eat: Chunk             |     3 |     2 |     1 ||     6

Vault maps used:
D:1:      wheals_arrival_shading, st_stairs_7
D:2:      grunt_temple_overflow_open, marbit_many_paths, first_bread
D:3:      fedhas_altar_2
D:4:      grunt_ministairs_10, cheibriados_altar_wand_db, uniq_menkaure,
          uniq_duvessa
D:5:      minmay_temple_entry_grid
